AoeStats
← M@nqu!to

Arabia

506706271Analyzed
1v1 RM · 17d ago on Sep 14, 2026· 37m 7s· 2 players
Game mode
Random Map
Map size
Tiny (2 player)
Population
200
Speed
Normal
Resources
Standard
Victory
Conquest
Starting age
Dark Age
Ending age
Imperial Age
RankedLock teamsTeams togetherTeam positionsShared explorationLock speedFull tech treeHidden civsTurbo modeCheats
Victory
Defeat
🇵🇪 Georgians · Peru
1255
+18
🇭🇰 Khitans · Hong Kong SAR China
1307
-18
M@nqu!to
7:04 Loom
9:26 Feudal Age
9:31 Man-at-Arms
11:41 Arson
19:55 Town Watch
22:32 Bloodlines
24:33 Castle Age
23:46 Fletching
23:57 Padded Archer Armor
24:05 Double-Bit Axe
25:17 Bodkin Arrow
25:38 Leather Archer Armor
26:07 Husbandry
28:16 Ballistics
NeroNam
7:31 Loom
9:26 Feudal Age
10:47 Double-Bit Axe
24:23 Castle Age
22:24 Domestication
25:29 Bow Saw
27:25 Forging
32:33 Husbandry
32:16 Elite Skirmisher
32:51 Fletching
33:37 Iron Casting
Connection lost

Rejoining the realm…

Still unreachable

The connection could not be restored.

Session expired

The server has moved on; the page needs a fresh start.